AoeStats
← RyU_ASA

Arena

508843498Analyzed
1v1 RM · 9d ago on Sep 24, 2026· 32m 36s· 2 players
Game mode
Random Map
Map size
Tiny (2 player)
Population
200
Speed
Normal
Resources
Standard
Victory
Conquest
Starting age
Dark Age
Ending age
Imperial Age
RankedLock teamsTeams togetherTeam positionsShared explorationLock speedFull tech treeHidden civsTurbo modeCheats
Victory
Defeat
🇹🇷 Britons · Türkiye
726
+14
🇹🇭 Slavs · Thailand
689
-15
RyU_ASA
11:21 Feudal Age
11:58 Double-Bit Axe
13:31 Horse Collar
13:47 Man-at-Arms
16:02 Wheelbarrow
16:01 Scale Mail Armor
19:32 Stone Mining
21:46 Castle Age
21:03 Gold Mining
21:44 Bloodlines
23:15 Gold Shaft Mining
23:04 Bow Saw
23:58 Heavy Plow
24:00 Long Swordsman
32:31 Chain Mail Armor
yusadincay
7:12 Loom
10:09 Feudal Age
11:52 Horse Collar
11:59 Double-Bit Axe
12:05 Gold Mining
12:06 Stone Mining
19:09 Castle Age
20:07 Bow Saw
20:34 Gold Shaft Mining
22:17 Treadmill Crane
22:46 Murder Holes
23:28 Ballistics
32:40 Imperial Age
31:49 Husbandry
Connection lost

Rejoining the realm…

Still unreachable

The connection could not be restored.

Session expired

The server has moved on; the page needs a fresh start.